 Dungeon Crawl Stone Soup version 0.24-a0-509-ga1643a6 (webtiles) character file.

Game seed: 3098693700435159666

1777 DinnerBoy7 the Shield-Bearer (level 9, 0/73 HPs)
             Began as a Gnoll Fighter on July 19, 2019.
             Was an Initiate of Cheibriados.
             Slain by a gnoll
             ... wielding a +0 whip
              (4 damage)
             ... on level 5 of the Dungeon.
             The game lasted 00:22:18 (4796 turns).

DinnerBoy7 the Shield-Bearer (Gnoll Fighter)        Turns: 4796, Time: 00:22:19

Health: 0/73       AC: 17    Str: 22    XL:     9   Next: 8%
Magic:  23/23      EV: 11    Int: 16    God:    Cheibriados [......]
Gold:   271        SH: 11    Dex: 17    Spells: 15/15 levels left

rFire    . . .     SeeInvis .   z - +3 mace (protect)
rCold    . . .     Gourm    .   c - +0 shield
rNeg     + . .     Faith    .   b - +0 scale mail
rPois    .         Spirit   .   (no helmet)
rElec    .         Reflect  .   y - scarf {cloud immunity}
rCorr    .         Harm     .   (no gloves)
MR       .....                  j - +1 pair of boots
Stlth    +.........             (no amulet)
HPRegen  0.22/turn              D - ring of positive energy
MPRegen  0.18/turn              d - ring of magical power

@: brilliant, protection aura, berserk cooldown, slowed, very slow
A: distributed training, fangs 1, strong nose
a: Bend Time, Renounce Religion


You were on level 5 of the Dungeon.
You worshipped Cheibriados.
Cheibriados was noncommittal.
You were near starving.

You visited 1 branch of the dungeon, and saw 7 of its levels.

You collected 271 gold pieces.

Inventory:

Hand Weapons
 a - a +0 long sword
 i - a +0 whip
 t - a +1 hand axe of electrocution
 z - a +3 mace of protection (weapon)
 A - a +3 quarterstaff of chaos
Armour
 b - a +0 scale mail (worn)
 c - a +0 shield (worn)
 j - a +1 pair of boots (worn)
 r - a +0 leather armour
 y - a scarf of cloud immunity (worn)
 B - a +1 cloak
Jewellery
 d - a ring of magical power (right hand)
 e - an uncursed ring of fire {unknown}
 D - a ring of positive energy (left hand)
Wands
 k - a wand of iceblast (5)
 q - a wand of paralysis (7)
Scrolls
 g - a scroll of immolation
 h - 4 scrolls of identify
 m - 2 scrolls of enchant weapon
Potions
 n - a potion of brilliance
 o - 3 potions of heal wounds {unknown}
 p - a potion of cancellation {unknown}
 x - a potion of invisibility {unknown}
 E - a potion of ambrosia {unknown}
Comestibles
 f - 8 rations


   Skills:
 + Level 7.6 Fighting
 + Level 3.8 Short Blades
 + Level 6.0 Long Blades
 + Level 3.8 Axes
 + Level 3.8 Maces & Flails
 + Level 3.8 Polearms
 + Level 3.8 Staves
 + Level 3.8 Slings
 + Level 3.8 Bows
 + Level 3.8 Crossbows
 + Level 3.8 Throwing
 + Level 7.6 Armour
 + Level 3.8 Dodging
 + Level 3.8 Stealth
 + Level 7.6 Shields
 + Level 3.8 Unarmed Combat
 + Level 3.8 Spellcasting
 + Level 3.1 Conjurations
 + Level 3.1 Hexes
 + Level 3.1 Charms
 + Level 3.1 Summonings
 + Level 3.1 Necromancy
 + Level 3.1 Translocations
 + Level 3.1 Transmutations
 + Level 3.1 Fire Magic
 + Level 3.1 Ice Magic
 + Level 3.1 Air Magic
 + Level 3.1 Earth Magic
 + Level 3.1 Poison Magic
 + Level 4.2 Invocations
 + Level 3.8 Evocations


You had 15 spell levels left.
You didn't know any spells.
Your spell library was empty.

Dungeon Overview and Level Annotations

Branches:
Dungeon (7/15)             Temple (0/1) D:4

Altars:
Ashenzari
Cheibriados
Dithmenos
Kikubaaqudgha
Ru
Trog
Uskayaw
Vehumet
Xom
Yredelemnul


Innate Abilities, Weirdness & Mutations

Your experience applies equally to all skills.
You have very sharp teeth.
Your uncanny sense of smell can sniff out nearby items.


Message History

The shadow imp hits you.
* * * LOW HITPOINT WARNING * * *
It was a potion of brilliance.
You feel clever all of a sudden. You block the gnoll's attack.
The gnoll hits you but does no damage. You block the gnoll's attack.
The shadow imp hits you but does no damage.
The gnoll closely misses you. The gnoll hits you but does no damage.
You sock the gnoll!
Your weapon exudes an aura of protection.
You kill the gnoll!
Cheibriados thoroughly appreciates the change of pace.
The gnoll barely misses you. You block the shadow imp's attack.
The gnoll barely misses you. The gnoll closely misses you.
The shadow imp hits you but does no damage.
Okay, then.
You closely miss the shadow imp.
The shadow imp is heavily wounded.
The gnoll closely misses you. The gnoll hits you with a +0 whip.
You die...

#......?. ####........ ####
#.##........ ...# #.##..[)....
#..##........... #....#.!......
#..##...#.# ## #<@5o..#.# # .##
#g##...#.# ##. ..# #g.#####.##.#
##.. #.## ...# #.##.####...
#..#### #.#.#####.##.......#
##....### ..............# #.#
.####...####.####.####..##. #.#
..##......[..##.....##†.##.####.#
........##.#.#.......#.###..##..#


You could see 2 gnolls, a shadow imp and an orc.

Vanquished Creatures
  Grinder (D:3)
  An orc warrior (D:5)
  A phantom (D:4)
  An ice beast (D:5)
  A sky beast (D:7)
  4 ogres
  A centaur (D:6)
  A gnoll sergeant (D:5)
  2 scorpions
  A crimson imp (D:6)
  4 orc priests
  6 orc wizards
  Crazy Yiuf (D:3)
  2 iguanas
  A hound skeleton (D:7)
  6 adders
  5 gnolls
  A shadow imp (D:7)
  3 worms
  3 dart slugs (D:2)
  A leopard gecko (D:4)
  19 orcs
  10 bats
  5 giant cockroaches
  7 goblins
  3 hobgoblins
  4 jackals (D:6)
  6 kobolds
  A quokka (D:6)
  5 ball pythons
  2 frilled lizards (D:2)
  A quokka skeleton (D:4)
  10 rats
120 creatures vanquished.

Notes
Turn   | Place    | Note
-------+----------+-------------------------------------------
     0 | D:1      | DinnerBoy7 the Gnoll Fighter began the quest for the Orb.
     0 | D:1      | Reached XP level 1. HP: 23/23 MP: 1/1
   263 | D:1      | Reached XP level 2. HP: 29/29 MP: 2/2
   868 | D:2      | Found a bloodstained altar of Trog.
   905 | D:2      | Reached XP level 3. HP: 35/35 MP: 3/3
  1115 | D:2      | You fall into a shaft and drop 1 floor!
  1116 | D:3      | Noticed Grinder
  1130 | D:3      | Paralysed by Grinder for 5 turns
  1137 | D:3      | Killed Grinder
  1137 | D:3      | Reached skill level 1 in Short Blades
  1137 | D:3      | Reached skill level 1 in Axes
  1137 | D:3      | Reached skill level 1 in Maces & Flails
  1137 | D:3      | Reached skill level 1 in Polearms
  1137 | D:3      | Reached skill level 1 in Staves
  1137 | D:3      | Reached skill level 1 in Slings
  1137 | D:3      | Reached skill level 1 in Bows
  1137 | D:3      | Reached skill level 1 in Crossbows
  1137 | D:3      | Reached skill level 1 in Throwing
  1137 | D:3      | Reached skill level 1 in Dodging
  1137 | D:3      | Reached skill level 1 in Stealth
  1137 | D:3      | Reached skill level 1 in Unarmed Combat
  1137 | D:3      | Reached skill level 1 in Spellcasting
  1137 | D:3      | Reached skill level 1 in Conjurations
  1137 | D:3      | Reached skill level 1 in Hexes
  1137 | D:3      | Reached skill level 1 in Charms
  1137 | D:3      | Reached skill level 1 in Summonings
  1137 | D:3      | Reached skill level 1 in Necromancy
  1137 | D:3      | Reached skill level 1 in Translocations
  1137 | D:3      | Reached skill level 1 in Transmutations
  1137 | D:3      | Reached skill level 1 in Fire Magic
  1137 | D:3      | Reached skill level 1 in Ice Magic
  1137 | D:3      | Reached skill level 1 in Air Magic
  1137 | D:3      | Reached skill level 1 in Earth Magic
  1137 | D:3      | Reached skill level 1 in Poison Magic
  1137 | D:3      | Reached skill level 1 in Invocations
  1137 | D:3      | Reached skill level 1 in Evocations
  1137 | D:3      | Reached XP level 4. HP: 21/41 MP: 4/6
  1137 | D:3      | Reached XP level 5. HP: 25/47 MP: 4/7
  1137 | D:3      | Reached XP level 6. HP: 28/53 MP: 4/8
  1607 | D:2      | Found an ancient bone altar of Kikubaaqudgha.
  1654 | D:2      | Found a shadowy altar of Dithmenos.
  2168 | D:3      | Reached skill level 5 in Long Blades
  2420 | D:3      | Found a runed translucent door.
  2421 | D:3      | Noticed Crazy Yiuf
  2431 | D:3      | Killed Crazy Yiuf
  2761 | D:4      | Noticed a phantom
  2784 | D:4      | Reached XP level 7. HP: 6/59 MP: 10/10
  2955 | D:4      | Found a deep blue altar of Sif Muna.
  2958 | D:4      | Found a bloodstained altar of Trog.
  2958 | D:4      | Found a deep blue altar of Sif Muna.
  2960 | D:4      | Found a shimmering altar of Xom.
  2960 | D:4      | Found a stormy altar of Qazlal.
  2960 | D:4      | Found a snail-covered altar of Cheibriados.
  3041 | D:4      | Found a basalt altar of Yredelemnul.
  3384 | D:4      | Found a snail-covered altar of Cheibriados.
  3519 | D:4      | Found a radiant altar of Vehumet.
  3522 | D:4      | Reached XP level 8. HP: 67/67 MP: 12/12
  3636 | D:4      | Found a staircase to the Ecumenical Temple.
  3650 | D:4      | You fall into a shaft and drop 3 floors!
  4110 | D:6      | Found a sacrificial altar of Ru.
  4297 | D:6      | Found a hide-covered altar of Uskayaw.
  4325 | D:5      | Entered Level 5 of the Dungeon
  4365 | D:5      | Found a shattered altar of Ashenzari.
  4716 | D:4      | Became a worshipper of Cheibriados the Contemplative
  4781 | D:5      | Reached XP level 9. HP: 21/72 MP: 14/14
  4793 | D:5      | HP: 3/72 [shadow imp (3)]
  4796 | D:5      | Slain by a gnoll

Levels and vault maps discovered:
D:1:      giann_forest_graveyard, layout_basic
D:2:      layout_loops_ring, lemuel_doored_altar, kiku_gazebo_pond_becter,
          bloody_trog
D:3:      layout_rooms, first_ration, chequers_mini_garden, minivault_5,
          uniq_crazy_yiuf_cottage, uniq_grinder
D:4:      layout_cave_pools, overflow_temple_1_default,
          nicolae_overflow_crystal_walls, cheibriados_altar_1,
          doesnt_xom_only_xom, minmay_temple_entry_butterflies,
          hangedman_decor_growths, chequers_serial_rivers_micro_b,
          minmay_misc_feat_room
D:5:      layout_rooms, old_standard_altar
D:6:      layout_basic, nicolae_ru_great_annihilating_truth,
          kennysheep_little_box
D:7:      layout_basic, the_bakery, uniq_joseph

Skill      XL: |  1  2  3  4  5  6  7  8 |
---------------+-------------------------+-----
Short Blades   | 1 2 3 |  3.8
Axes           | 1 2 3 |  3.8
Maces & Flails | 1 2 3 |  3.8
Polearms       | 1 2 3 |  3.8
Staves         | 1 2 3 |  3.8
Slings         | 1 2 3 |  3.8
Bows           | 1 2 3 |  3.8
Crossbows      | 1 2 3 |  3.8
Throwing       | 1 2 3 |  3.8
Dodging        | 1 2 3 |  3.8
Stealth        | 1 2 3 |  3.8
Unarmed Combat | 1 2 3 |  3.8
Spellcasting   | 1 2 3 |  3.8
Conjurations   | 1 2 3 |  3.1
Hexes          | 1 2 3 |  3.1
Charms         | 1 2 3 |  3.1
Summonings     | 1 2 3 |  3.1
Necromancy     | 1 2 3 |  3.1
Translocations | 1 2 3 |  3.1
Transmutations | 1 2 3 |  3.1
Fire Magic     | 1 2 3 |  3.1
Ice Magic      | 1 2 3 |  3.1
Air Magic      | 1 2 3 |  3.1
Earth Magic    | 1 2 3 |  3.1
Poison Magic   | 1 2 3 |  3.1
Invocations    | 1 2 3 4 |  4.2
Evocations     | 1 2 3 |  3.8
Long Blades    | 5 6 |  6.0
Fighting       | 7 |  7.6
Armour         | 7 |  7.6
Shields        | 7 |  7.6

Action                   |  1- 3 |  4- 6 |  7- 9 || total
-------------------------+-------+-------+-------++-------
Melee: Long sword        |    73 |       |       ||    73
       Bite              |    11 |    14 |    54 ||    79
       Hand axe          |     7 |    44 |       ||    51
       Mace              |       |    45 |   362 ||   407
Invok: Bend Time         |       |       |     1 ||     1
Evoke: Wand              |       |       |     1 ||     1
  Use: Potion            |     1 |     1 |     8 ||    10
       Scroll            |       |       |    11 ||    11
 Stab: Paralysed         |       |       |     1 ||     1
  Eat: Chunk             |     1 |     4 |       ||     5
       Ration            |       |       |     2 ||     2
Armor: Scale mail        |    52 |    36 |   191 ||   279
Dodge: Dodged            |    38 |    29 |   151 ||   218
Block: Shield            |    60 |    62 |   253 ||   375
       Rpst.: Long sword |    13 |       |       ||    13

Table legend:
 A = Non-vault XP
 B = Vault XP
 C = Vault XP percentage of total XP
 D = Non-vault monster count
 E = Vault monster count
 F = Vault count percentage of total count
                 A         B        C        D         E       F
            +---------+---------+-------+---------+---------+-------
      Total |    2178 |     361 |  14.2 |     114 |       6 |   5.0
            +---------+---------+-------+---------+---------+-------
        D:1 |      16 |       0 |   0.0 |      10 |       0 |   0.0
        D:2 |     100 |       0 |   0.0 |      28 |       0 |   0.0
        D:3 |     120 |     316 |  72.5 |      20 |       2 |   9.1
        D:4 |     652 |       0 |   0.0 |      28 |       0 |   0.0
        D:5 |     722 |       0 |   0.0 |      12 |       0 |   0.0
        D:6 |     412 |      45 |   9.8 |      13 |       4 |  23.5
        D:7 |     156 |       0 |   0.0 |       3 |       0 |   0.0
            +---------+---------+-------+---------+---------+-------
